 Dungeon Crawl Stone Soup version 0.27.1-33-g824d729ab1 (webtiles) character file.

Game seed: 6258688141580645498

38 Fetmaboll the Covered (level 3, -4/24 HPs)
             Began as a Gargoyle Fighter on Dec 1, 2021.
             Slain by a sky beast (6 damage)
             ... on level 3 of the Dungeon.
             The game lasted 00:03:35 (873 turns).

Fetmaboll the Covered (Gargoyle Fighter)             Turns: 873, Time: 00:03:35

Health: -4/24      AC:  0    Str: 20    XL:     3   Next: 43%
Magic:  3/3        EV: 13    Int:  8    God:
Gold:   67         SH:  0    Dex:  9    Spells: 2/2 levels left

rFire    . . .     SeeInvis .   (weapon currently unavailable)
rCold    . . .     Faith    .   (shield currently unavailable)
rNeg     + . .     Spirit   .   (armour currently unavailable)
rPois    ∞         Reflect  .   (helmet currently unavailable)
rElec    .         Harm     .   (cloak currently unavailable)
rCorr    .         Rampage  .   (gloves currently unavailable)
Will     .....                  (boots currently unavailable)
Stlth    +.........             g - amulet of regeneration
HPRegen  1.08/turn              (ring currently unavailable)
MPRegen  0.08/turn              (ring currently unavailable)

@: pig-form (expiring), very quick
A: fast, no casting, sickness immunity, AC +3, small, negative energy resistance
1, (electricity resistance), torment resistance 1, petrification resistance
a: no special abilities


You were on level 3 of the Dungeon.
You were a filthy swine.
You visited 1 branch of the dungeon, and saw 3 of its levels.

You collected 67 gold pieces.

Inventory:

Hand Weapons
 a - a +0 flail (melded)
Armour
 b - a +0 scale mail (melded)
 c - a +0 kite shield (melded)
Jewellery
 f - a ring of protection from fire (melded)
 g - an amulet of regeneration (around neck)
Scrolls
 e - a scroll of teleportation {unknown}
 i - a scroll of magic mapping {unknown}
Potions
 d - a potion of might
 h - a potion of berserk rage {unknown}


   Skills:
 + Level 3.6 Fighting
 + Level 2.6 Maces & Flails
 + Level 3.7 Armour
 + Level 3.6 Shields


You had 2 spell levels left.
You didn't know any spells.
Your spell library contained the following spells:

 Spells                   Type           Power      Damage    Failure   Level
 Stone Arrow              Conj/Erth      0%         3d7       78%         3
 Bolt of Magma            Conj/Fire/Erth 0%         4d4       100%        5
 Shatter                  Erth           0%         3d5*      100%        9


Dungeon Overview and Level Annotations

Branches:
Dungeon (3/15)

Altars:

Annotations:
D:3 Grinder


Innate Abilities, Weirdness & Mutations

You are a filthy swine.
You move quickly.
Your equipment is almost entirely melded.
You are incapable of wielding weapons or throwing items.
You cannot cast spells.
You are immune to sickness and miasma.
((Your stone body is resilient. (AC +3)))
You are immune to poison.
You resist negative energy. (rN+)
((You are resistant to electric shocks. (rElec)))
You are resistant to unholy torment.
You are immune to petrification.


Message History

Your +0 scale mail melds into your body.
Your ring of protection from fire melds into your body.
You barely miss the kobold. The kobold barely misses you.
Grinder blinks!
You miss the kobold. The kobold hits you with a +0 dagger.
You closely miss Grinder. Grinder closely misses you.
The kobold hits you with a +0 dagger.
You closely miss Grinder. Grinder hits you.
You writhe in agony.
The rat misses you. The kobold hits you with a +0 dagger.
You are too injured to fight recklessly!
You are too injured to fight recklessly!
You are too injured to fight recklessly!
You are too injured to fight recklessly!
A sky beast comes into view.
You hit the rat.
You kill the rat!
Grinder zaps a wand.
You hit the kobold.
You kill the kobold!
Grinder zaps a wand.
You closely miss the giant cockroach.
The sky beast flickers out of sight!
Deactivating autopickup; reactivate with Ctrl-A.
The giant cockroach bites you.
You hit the giant cockroach but do no damage.
The giant cockroach bites you.
Grinder blinks!
You hit the giant cockroach.
The giant cockroach is severely wounded.
The giant cockroach bites you.
You hit the giant cockroach but do no damage.
The giant cockroach is severely wounded.
You hear the slow rusting of a drain nearby.
The giant cockroach bites you. Something hits you. Something shocks you.
* * * LOW HITPOINT WARNING * * *
You hit the giant cockroach.
You kill the giant cockroach!
Something barely misses you.
Your transformation is almost over.
You miss something. Something hits you.
* * * LOW HITPOINT WARNING * * *
Something shocks you.
You die...

#.# ###### #####.# ##
#.>..#####.....#
..#..#.##....###.#
...##.#....#### #.#
.............# #.#
...#.##..###.# #.# #.##..#
#..###.# #..).h#
#.<##.#######
#....†##{..###...........
......5........##..........
.####..#####.#.............
#.. #...###......... ##.
###.. #......... #.
#.##......... ##
.###.####### #.#


There were no monsters in sight!

Vanquished Creatures
  3 dart slugs
  3 bats (D:1)
  An endoplasm (D:1)
  4 giant cockroaches
  3 hobgoblins
  A quokka (D:3)
  5 goblins
  5 kobolds
  4 rats
29 creatures vanquished.

Notes
Turn   | Place    | Note
-------+----------+-------------------------------------------
     0 | D:1      | Fetmaboll the Gargoyle Fighter began the quest for the Orb.
     0 | D:1      | Reached XP level 1. HP: 14/14 MP: 1/1
   194 | D:1      | Reached XP level 2. HP: 19/19 MP: 2/2
   582 | D:1      | Reached XP level 3. HP: 23/23 MP: 3/3
   856 | D:3      | Noticed Grinder
   863 | D:3      | Noticed a sky beast
   873 | D:3      | Slain by a sky beast

Illustrated notes

Levels and vault maps discovered:
D:1:      lemuel_arrival_river_ford, layout_rooms, solitary_fountain
D:2:      cheibrodos_pilgrimage, layout_loops_ring
D:3:      layout_rooms, grunt_temple_overflow_order_and_chaos_1,
          kennysheep_slug_shrine, shapermc_ecumenical_altar_pompeii,
          portal_sewer_entry_c, serial_shops, nicolae_lakefront_shop,
          uniq_grinder

Action                   || total
-------------------------++-------
Melee: Flail             ||    74
       Unarmed           ||    12
Armor: Scale mail        ||    37
Dodge: Dodged            ||    32
Block: Kite shield       ||    31
